 Dungeon Crawl Stone Soup version 0.30-a0-123-g91d0c66ccf (webtiles) character file.

Game seed: 10764109208273028107

9265 funkygono the Geomancer (level 11, -1/60 HPs)
             Began as a Gargoyle Earth Elementalist on Sept 17, 2022.
             Was a Follower of Vehumet.
             Slain by an orc warlord
             ... wielding a +4 battleaxe
              (17 damage)
             ... in a bailey.
             The game lasted 00:23:06 (11185 turns).

funkygono the Geomancer (GrEE)                     Turns: 11185, Time: 00:23:07

Health: -1/60      AC: 14    Str: 11    XL:     11   Next: 43%
Magic:  29/42      EV: 12    Int: 21    God:    Vehumet [*.....]
Gold:   661        SH:  0    Dex: 10    Spells: 22/28 levels left

rFire   . . .      SeeInvis .    w - +8 flail (holy)
rCold   . . .      Faith    .    q - orb {light}
rNeg    + . .      Spirit   .    J - +0 steam dragon scales
rPois   ∞          Reflect  .    (no helmet)
rElec   +          Harm     .    (no cloak)
rCorr   .          Rampage  .    f - +0 pair of gloves
Will    .....                    (no boots)
Stlth   +.........               s - amulet of magic regeneration
HPRegen 0.20/turn                u - ring of magical power
MPRegen 0.68/turn                B - ring of magical power

@: glowing
A: sickness immunity, AC +8, negative energy resistance 1, electricity
resistance, torment resistance 1, petrification resistance
a: Renounce Religion


You were in a bailey.
You worshipped Vehumet.
Vehumet was aware of your devotion.
You visited 2 branches of the dungeon, and saw 11 of its levels.
You also visited: Bailey.

You collected 661 gold pieces.

Inventory:

Hand Weapons
 w - a +8 flail of holy wrath (weapon)
 z - a +1 mace of protection
 A - a +0 whip of venom
Armour
 f - a +0 pair of gloves (worn)
 q - an orb of light (worn)
 E - a +2 robe of positive energy
 J - +0 steam dragon scales (worn)
Jewellery
 m - an amulet of faith
 s - an amulet of magic regeneration (around neck)
 u - a ring of magical power (left hand)
 B - a ring of magical power (right hand)
Wands
 d - a wand of paralysis (5)
 j - a wand of iceblast (10)
 o - a wand of light (16)
 y - a wand of flame (19)
 C - a wand of mindburst (28)
 D - a wand of polymorph (4)
Scrolls
 c - 6 scrolls of immolation
 e - 2 scrolls of amnesia
 i - 6 scrolls of teleportation
 l - 3 scrolls of blinking
 G - a scroll of fear
 K - 2 scrolls of summoning {unknown}
 L - a scroll of enchant armour {unknown}
Potions
 a - 5 potions of heal wounds
 b - a potion of magic
 g - 2 potions of invisibility
 h - 2 potions of attraction
 k - a potion of lignification {unknown}
 n - 3 potions of curing
 p - 2 potions of cancellation
 r - a potion of ambrosia {unknown}
 t - 3 potions of berserk rage {unknown}
 v - 2 potions of brilliance {unknown}
 x - 2 potions of haste {unknown}
 F - 2 potions of might {unknown}
 H - a potion of resistance {unknown}
 I - a potion of mutation {unknown}


   Skills:
 + Level 3.1 Fighting
 + Level 6.7 Maces & Flails
 + Level 4.0 Dodging
 - Level 2.1 Stealth
 + Level 9.4 Spellcasting
 + Level 6.3 Conjurations
 + Level 0.7 Transmutations
 + Level 12.3 Earth Magic


You had 22 spell levels left.
You knew the following spells:

 Your Spells              Type           Power      Damage    Failure   Level
a - Sandblast             Erth           100%       2d20      1%          1
b - Passwall              Tmut/Erth      30%        N/A       1%          2
c - Stone Arrow           Conj/Erth      98%        3d13      1%          3

Your spell library contained the following spells:

 Spells                   Type           Power      Damage    Failure   Level
 Freeze                   Ice            36%        1d6       7%          1
 Petrify                  Tmut/Erth      37%        N/A       4%          4


Dungeon Overview and Level Annotations

Branches:
Dungeon (10/15)            Temple (1/1) D:7            Lair (0/5) D:8
 Bailey (1/1)
    Orc: D:9-12

Altars:
Ashenzari
Cheibriados
Dithmenos
Elyvilon
Fedhas
Gozag
Hepliaklqana
Kikubaaqudgha
Makhleb
Nemelex Xobeh
Okawaru
Qazlal
Ru
Sif Muna
Trog
Uskayaw
Vehumet
Wu Jian
Xom
Yredelemnul
Zin
The Shining One

Shops:
D:1 :   D:6 ?(*?   D:7 *

Annotations:
D:6 2 transporters
D:8 3 runed translucent doors, ma3's ghost, novice TrCK


Innate Abilities, Weirdness & Mutations

You are immune to sickness and miasma.
Your stone body is resilient. (AC +8)
You are immune to poison.
You resist negative energy. (rN+)
You are resistant to electric shocks. (rElec)
You are resistant to unholy torment.
You are immune to petrification.


Message History

The stone arrow hits the orc warlord!
The orc warlord is lightly wounded.
Casting: Stone Arrow (safe; 1% risk of failure)
Confirm with . or Enter, or press ? or * to list all spells.
Aiming: Stone Arrow (safe; 1% risk of failure)
Press: ? - help, Shift-Dir - straight line, f/p - orc warlord
Aim: an orc warlord, wielding a +4 battleaxe and wearing a +0 plate armour (lightly wounded, haloed, 90% to hit)
The stone arrow hits the orc warlord!
The orc warlord is moderately wounded.
The orc warlord hits you with a +4 battleaxe!!
Ouch! That really hurt!
Casting: Stone Arrow (safe; 1% risk of failure)
Confirm with . or Enter, or press ? or * to list all spells.
Aiming: Stone Arrow (safe; 1% risk of failure)
Press: ? - help, Shift-Dir - straight line, f/p - orc warlord
Aim: an orc warlord, wielding a +4 battleaxe and wearing a +0 plate armour (moderately wounded, haloed, 90% to hit)
The stone arrow hits the orc warlord but does no damage.
The orc warlord is moderately wounded.
The orc warlord misses you.
Casting: Stone Arrow (safe; 1% risk of failure)
Confirm with . or Enter, or press ? or * to list all spells.
Aiming: Stone Arrow (safe; 1% risk of failure)
Press: ? - help, Shift-Dir - straight line, f/p - orc warlord
Aim: an orc warlord, wielding a +4 battleaxe and wearing a +0 plate armour (moderately wounded, haloed, 90% to hit)
The stone arrow hits the orc warlord!
The orc warlord is heavily wounded.
The orc warlord hits you with a +4 battleaxe!
Unknown command.
Casting: Stone Arrow (safe; 1% risk of failure)
Confirm with . or Enter, or press ? or * to list all spells.
Aiming: Stone Arrow (safe; 1% risk of failure)
Press: ? - help, Shift-Dir - straight line, f/p - orc warlord
Aim: an orc warlord, wielding a +4 battleaxe and wearing a +0 plate armour (heavily wounded, haloed, 90% to hit)
The stone arrow hits the orc warlord!
The orc warlord is heavily wounded.
The orc warlord hits you with a +4 battleaxe!!
* * * LOW HITPOINT WARNING * * *
You feel much better.
The orc warlord hits you with a +4 battleaxe!
You die...

.~~~(##.........##.~~~...♣♣
.)~~(#~....∩....~#.~~~)..∩♣
.~~~.#~.........~#.~~~...♣♣
.~~~.#~~.8...8.~~#.~~~...♣
.###'###.......###'###..♣♣
##....#~.8...8.~#....##.♣
#.....#~~~~~~~~~#.....##♣
......####~~~####......##
..8......#'')#.o@...8...#
........................#
...................)....#
..8..8....(.(....8..8..##
#.......#######.......##
##.....## ##.....## ##...##
##...## ##### #####


You could see an orc warlord.

Vanquished Creatures
  A two-headed ogre (D:8)
  An orc knight (Bailey)
  An unseen horror (D:10)
  2 kobold demonologists
  2 trolls
  Grinder (D:3)
  Prince Ribbit (D:5)
  A hornet (D:9)
  A shadow (D:10)
  9 yaks
  A wyvern (D:8)
  2 steam dragons (D:8)
  2 water moccasins
  4 ice beasts
  3 orc warriors
  2 sky beasts
  2 ogres
  4 wolves (D:8)
  A centaur (D:8)
  A phantom (D:4)
  3 kobold brigands
  3 bullfrogs
  2 gnoll sergeants
  A scorpion (D:6)
  11 wights
  4 killer bees (D:7)
  2 howler monkeys
  9 electric eels
  6 hounds
  2 gnoll boudas
  6 orc priests
  5 orc wizards
  6 iguanas
  11 adders
  19 gnolls
  3 shadow imps
  2 white imps (D:6)
  2 ufetubi
  3 worms
  2 dart slugs
  23 orcs
  3 ball pythons
  7 endoplasms
  5 giant cockroaches
  6 hobgoblins
  7 jackals
  28 kobolds
  5 quokkas
  8 bats
  6 frilled lizards
  8 goblins
  8 rats
258 creatures vanquished.

Vanquished Creatures (others)
  A fungus (D:6)
  4 plants
5 creatures vanquished.

Grand Total: 263 creatures vanquished

Notes
Turn   | Place    | Note
-------+----------+-------------------------------------------
     0 | D:1      | funkygono the Gargoyle Earth Elementalist began the quest
                  | for the Orb.
     0 | D:1      | Reached XP level 1. HP: 10/10 MP: 3/3
   124 | D:1      | Reached skill level 4 in Earth Magic
   174 | D:1      | Reached XP level 2. HP: 14/15 MP: 1/5
   177 | D:1      | Learned a level 2 spell: Passwall
   698 | D:1      | Reached XP level 3. HP: 19/19 MP: 4/6
   702 | D:1      | Learned a level 3 spell: Stone Arrow
   852 | D:1      | Found Oruxapuc's Book Shoppe.
   933 | D:1      | Found a faded altar of an unknown god.
  1282 | D:2      | Reached XP level 4. HP: 24/24 MP: 4/8
  1886 | D:3      | Reached skill level 5 in Earth Magic
  1950 | D:3      | Noticed Grinder
  1957 | D:3      | Killed Grinder
  1958 | D:3      | Reached skill level 6 in Earth Magic
  1958 | D:3      | Reached XP level 5. HP: 4/28 MP: 4/11
  1958 | D:3      | Reached XP level 6. HP: 5/32 MP: 4/12
  2617 | D:4      | Reached XP level 7. HP: 36/36 MP: 12/14
  2721 | D:4      | Found a stormy altar of Qazlal.
  2769 | D:4      | Reached skill level 1 in Maces & Flails
  2786 | D:4      | Reached skill level 7 in Earth Magic
  3275 | D:4      | Reached skill level 5 in Spellcasting
  3720 | D:5      | Entered Level 5 of the Dungeon
  3720 | D:5      | Found a transporter.
  4047 | D:5      | Reached skill level 8 in Earth Magic
  4054 | D:5      | Reached XP level 8. HP: 25/42 MP: 3/16
  4415 | D:5      | Noticed Prince Ribbit
  4421 | D:5      | Killed Prince Ribbit
  4422 | D:5      | Reached skill level 1 in Fighting
  4422 | D:5      | Reached skill level 1 in Conjurations
  4582 | D:5      | Found a transporter.
  4833 | D:5      | Reached skill level 9 in Earth Magic
  5003 | D:6      | Found Gomnetakh's Weapon Shop.
  5081 | D:6      | Found Tuxudd's Magic Scroll Boutique.
  5476 | D:6      | Reached XP level 9. HP: 31/47 MP: 19/19
  5657 | D:6      | Found Ehimif's Magic Scroll Shoppe.
  5659 | D:6      | Found a transporter.
  5695 | D:6      | Found a transporter.
  5747 | D:6      | Found Giqucud's Assorted Antiques.
  6339 | D:7      | Noticed an angel
  6363 | D:7      | Found Heluep's Hallowed Reliquary.
  6456 | D:7      | Found a staircase to the Ecumenical Temple.
  6456 | D:7      | Noticed a kobold demonologist
  6465 | D:7      | Killed a kobold demonologist
  6580 | D:7      | Reached skill level 10 in Earth Magic
  7520 | D:8      | Reached XP level 10. HP: 52/53 MP: 21/21
  7546 | D:8      | Found a runed translucent gate.
  7546 | D:8      | Found a runed translucent gate.
  7546 | D:8      | Found a runed translucent gate.
  7578 | D:8      | Noticed ma3's ghost (novice TrCK)
  7673 | D:8      | Noticed a kobold demonologist
  7677 | D:8      | Reached skill level 5 in Maces & Flails
  7690 | D:8      | Reached skill level 11 in Earth Magic
  7698 | D:8      | Killed a kobold demonologist
  7808 | D:8      | Reached skill level 5 in Conjurations
  7996 | D:8      | Found a staircase to the Lair.
  8571 | D:8      | Noticed a two-headed ogre
  8575 | D:8      | Killed a two-headed ogre
  9266 | Temple   | Entered the Ecumenical Temple
  9296 | Temple   | Became a worshipper of Vehumet
  9745 | D:9      | Reached XP level 11. HP: 46/59 MP: 23/23
  9815 | D:9      | Reached skill level 12 in Earth Magic
 10635 | D:10     | Entered Level 10 of the Dungeon
 10867 | D:10     | Reached * piety under Vehumet
 10867 | D:10     | Offered knowledge of Freeze by Vehumet.
 10930 | D:10     | Found a flagged portal.
 10938 | Bailey   | Entered a bailey
 10943 | Bailey   | Noticed an orc warlord
 10964 | Bailey   | Noticed an orc knight
 10981 | Bailey   | Killed an orc knight
 11028 | Bailey   | Found a runed translucent gate.
 11030 | Bailey   | Found a runed translucent gate.
 11032 | Bailey   | Found a runed translucent gate.
 11184 | Bailey   | HP: 2/60 [orc warlord/+4 battleaxe (21)]
 11185 | Bailey   | Slain by an orc warlord

Illustrated notes

Levels and vault maps discovered:
D:1:      arrival_zaba_pyramid, layout_rooms, serial_shops,
          nicolae_shop_behind_doors, shapermc_ecumenical_altar_hornbeckon,
          hangedman_decor_growths, feat_on_display
D:2:      layout_basic
D:3:      layout_basic, uniq_grinder
D:4:      layout_layer_cave, grunt_qazlal_sundering
D:5:      gammafunk_wand_slinger, layout_basic, guppyfry_early_orc_mine,
          uniq_prince_ribbit1
D:6:      gammafunk_steamed_eel, layout_loops_corners, serial_shops,
          nicolae_stop_n_shop_2, shop, shop, nicolae_diamond_shop,
          dreamdust_mushroom_princess
D:7:      layout_basic, minmay_temple_entry_gardened_gates, nicolae_good_shop
D:8:      minmay_spotlight, layout_basic, erik_lair_island,
          gammafunk_ghost_split
D:9:      layout_basic, serial_rivers, chequers_serial_rivers_micro_c,
          chequers_serial_rivers_micro_c, chequers_serial_rivers_small_b,
          chequers_serial_rivers_large_b, serial_bayou_pond_e, item_on_display_a
D:10:     hangedman_cross_cluster, layout_long_grid, enter_bailey_2,
          hellmonk_guarded_unrand_staff_of_battle
Temple:   regret_index_temple_sigil_plot
Bailey:   bailey_axe_bossmonster_kennysheep, bailey

Skill      XL: |  1  2  3  4  5  6  7  8  9 10 11 |
---------------+----------------------------------+-----
Earth Magic    | 4 6 8 9 10 11 12 | 12.3
Spellcasting   | 3 4 5 6 7 8 9 |  9.4
Dodging        | 2 3 4 |  4.0
Maces & Flails | 1 3 4 6 |  6.7
Fighting       | 1 2 3 |  3.1
Conjurations   | 1 3 5 6 |  6.3
Stealth        | |  2.1
Transmutations | |  0.7

Action                   |  1- 3 |  4- 6 |  7- 9 | 10-12 || total
-------------------------+-------+-------+-------+-------++-------
Melee: Club              |    22 |    22 |       |       ||    44
       Flail             |       |     4 |    63 |    68 ||   135
 Cast: Sandblast         |    54 |    51 |    34 |    24 ||   163
       Stone Arrow       |       |       |    75 |   115 ||   190
  Use: Scroll            |       |    14 |     6 |     3 ||    23
       Potion            |       |       |       |     1 ||     1
Armor: Robe              |    10 |    27 |    33 |    17 ||    87
       Steam dragon scal |       |       |       |    33 ||    33
Dodge: Dodged            |    26 |    34 |    47 |    77 ||   184

Table legend: (Time is in decaauts)
 A = Elapsed time spent in this place.
 B = Non-inter-level travel time spent in this place.
 C = Inter-level travel time spent in this place.
 D = Time resting spent in this place.
 E = Time spent auto-exploring this place.
 F = Levels seen in this place.
 G = Mean time per level.
                   A        B        C        D        E       F      G
               +--------+--------+--------+--------+--------+-----+--------+
         Total |  11376 |  11150 |    226 |   1170 |   8167 |  12 |  948.0 |
       Dungeon |  10838 |  10635 |    203 |   1152 |   7844 |  10 | 1083.8 |
        Temple |    283 |    260 |     23 |      0 |    236 |   1 |  283.0 |
        Bailey |    253 |    253 |      0 |     18 |     87 |   1 |  253.0 |
               +--------+--------+--------+--------+--------+-----+--------+

Top non-repeatable levels by time:
     D:8: 1762 daAuts
     D:6: 1320 daAuts
     D:5: 1301 daAuts
     D:7: 1246 daAuts
     D:9: 1150 daAuts
     D:4: 1117 daAuts
     D:1: 981 daAuts
     D:2: 880 daAuts
     D:3: 824 daAuts
  Temple: 283 daAuts
    D:10: 254 daAuts
  Bailey: 253 daAuts
